 Dungeon Crawl Stone Soup version 0.29.1-2-gbd0b4ee654 (webtiles) character file.

Game seed: 2979646654405911383

58184 qeuew the Impaler (level 14, 0/103 HPs)
             Began as a Merfolk Gladiator on Nov 9, 2022.
             Was an Initiate of Gozag.
             Slain by a naga warrior
             ... wielding a +0 halberd
              (38 damage)
             ... on level 1 of the Snake Pit.
             The game lasted 00:38:24 (17763 turns).

qeuew the Impaler (Merfolk Gladiator)              Turns: 17763, Time: 00:38:25

Health: 0/103      AC: 33    Str: 26    XL:     14   Next: 89%
Magic:  14/14      EV: 17    Int:  7    God:    Gozag
Gold:   2794       SH: 14    Dex: 21    Spells: 13/13 levels left

rFire   . . .      SeeInvis .   k - +3 trident (venom)
rCold   . . .      Faith    .   D - +1 kite shield {reflect}
rNeg    . . .      Spirit   .   L - +14 chain mail of Spite {Dex+3}
rPois   +          Reflect  +   c - +0 helmet
rElec   .          Harm     .   f - +2 cloak {rPois}
rCorr   .          Rampage  .   j - +2 pair of gloves {Dex+3}
Will    +....                   (no boots)
Stlth   ..........              m - amulet of regeneration
HPRegen 0.00/turn               I - +6 ring of strength
MPRegen 0.14/turn               i - +4 ring of evasion

@: inhibited regen, constricted, studying Polearms
A: (nimble swimmer 2), mertail, frail 1, inhibited regeneration
a: Renounce Religion, Potion Petition, Call Merchant, Bribe Branch


You were on level 1 of the Snake Pit.
You worshipped Gozag.
Gozag was most pleased with you.
You visited 4 branches of the dungeon, and saw 19 of its levels.
You also visited: Bailey and Ice Cave.

You collected 6920 gold pieces.
You spent 1149 gold pieces at shops.
You paid 2977 gold pieces to Gozag.

Inventory:

Hand Weapons
 k - a +3 trident of venom (weapon)
Missiles
 d - 2 throwing nets
 e - 14 javelins
 x - a boomerang of dispersal
Armour
 c - a +0 helmet (worn)
 f - a +2 cloak of poison resistance (worn)
 j - a +2 pair of gloves of dexterity (worn)
 D - a +1 kite shield of reflection (worn)
 L - the +14 chain mail of Spite (worn) {Dex+3}
   (You acquired it on level 5 of the Lair of Beasts)

   Dex:       It affects your dexterity (+3).
Jewellery
 i - a +4 ring of evasion (right hand)
 m - an amulet of regeneration (around neck)
 y - a ring of resist corrosion
 z - a ring of willpower
 I - a +6 ring of strength (left hand)
Wands
 o - a wand of mindburst (60)
 r - a wand of charming (17)
 u - a wand of flame (30)
 w - a wand of roots (10)
 H - a wand of light (14) (quivered)
 N - a wand of digging (2)
Scrolls
 a - 3 scrolls of teleportation
 g - 5 scrolls of fog
 q - 6 scrolls of blinking
 s - a scroll of silence
 A - 6 scrolls of amnesia
 C - 2 scrolls of poison
 F - 4 scrolls of magic mapping
 G - 4 scrolls of identify
Potions
 b - 5 potions of brilliance
 h - a potion of heal wounds
 l - 5 potions of might
 p - 2 potions of magic
 t - 6 potions of curing
 v - 7 potions of flight
 B - 6 potions of haste
 E - a potion of resistance
 K - 3 potions of cancellation
 M - a potion of mutation


   Skills:
 + Level 12.0 Fighting
 + Level 17.1 Polearms
 + Level 11.0 Throwing
 + Level 8.2 Armour
 + Level 14.5 Dodging
 + Level 10.6 Shields


You had 13 spell levels left.
You didn't know any spells.
Your spell library contained the following spells:

 Spells                   Type           Power      Damage    Failure   Level
 Necrotise                Necr           0%         1d4       99%         1
 Gell's Gravitas          Tloc           0%         N/A       100%        3
 Lesser Beckoning         Tloc           0%         N/A       100%        3
 Portal Projectile        Hex/Tloc       0%         N/A       100%        3
 Teleport Other           Tloc           0%         N/A       100%        3
 Tukima's Dance           Hex            0%         N/A       100%        3
 Vampiric Draining        Necr           0%         2d6       100%        3
 Cause Fear               Hex            0%         N/A       100%        4
 Summon Ice Beast         Ice/Summ       0%         N/A       100%        4
 Agony                    Necr           0%         N/A       100%        5
 Blade Hands              Tmut           0%         N/A       100%        5
 Summon Mana Viper        Hex/Summ       0%         N/A       100%        5
 Dispersal                Tloc           0%         N/A       100%        6
 Dragon Form              Tmut           0%         N/A       100%        7
 Monstrous Menagerie      Summ           0%         N/A       100%        7
 Disjunction              Tloc           0%         N/A       100%        8
 Dragon's Call            Summ           0%         N/A       100%        9


Dungeon Overview and Level Annotations

Branches:
Dungeon (12/15)            Temple (1/1) D:4            Lair (5/5) D:11
  Swamp (0/4) Lair:3        Snake (1/4) Lair:2        Slime (0/5) Lair:4
    Orc (0/2) D:11         Bailey (visited)           IceCv (visited)

Altars:
Ashenzari
Cheibriados
Dithmenos
Elyvilon
Fedhas
Gozag
Hepliaklqana
Kikubaaqudgha
Makhleb
Nemelex Xobeh
Okawaru
Qazlal
Ru
Sif Muna
Trog
Uskayaw
Vehumet
Wu Jian
Xom
Yredelemnul
Zin
The Shining One
Jiyva

Shops:
D:8 !([   D:10 :   D:12 [

Annotations:
D:10 4 runed translucent doors


Innate Abilities, Weirdness & Mutations

((You are very nimble when in or above water. (Stealth+, EV+, Speed+++)))
Your lower body shifts to a powerful aquatic tail in water.
You are frail. (-10% HP)
You do not regenerate when monsters are visible.


Message History

2 naga warriors come into view.
A naga warrior is wielding a +0 war axe and wearing a +1 tower shield of resistance.
The naga warrior shouts! x2; You hear a shout!
The naga warrior roars a battlecry!
A naga comes into view. It is wielding a +0 halberd.
The naga warrior moves out of view.
A guardian serpent comes into view.
The naga warrior roars a battlecry!
The naga warrior goes into a battle-frenzy!
The guardian serpent coils itself and waves its upper body at you.
The naga warrior blinks!
The naga blinks!
The naga warrior blinks!
The naga warrior spits poison at you.
The splash of poison hits you but does no damage.
You resist. The naga spits poison at you.
The splash of poison hits you but does no damage.
You resist.
A naga comes into view. It is wielding a +0 trident.
You block the naga warrior's attack. x2; You block the naga's attack. x2
The guardian serpent hits you but does no damage.
You block the guardian serpent's attack.
The naga warrior hits you but does no damage.
The naga warrior grabs you. The naga warrior constricts you.
The naga hits you with a +0 halberd!!
You block the guardian serpent's attack.
The naga warrior barely misses you. The naga warrior constricts you.
The naga completely misses you.
You block the guardian serpent's attack.
The guardian serpent closely misses you.
The naga warrior hits you with a +0 halberd!!
The naga warrior constricts you. You block the naga's attack.
The guardian serpent hits you but does no damage.
You block the naga warrior's attack. The naga warrior constricts you.
The naga completely misses you. You block the naga's attack.
The guardian serpent closely misses you.
The guardian serpent casts a spell at you.
The bolt of poison hits you. You resist.
The bolt of poison hits the naga.
The naga warrior hits you with a +0 halberd!!!
You die...
Your body crumbles into a pile of gold. #.# #.# ...# #.# ..# #)# ..# #)# ..# #.####.### ##.## ..........
NN.

##.###.### #S#
##.# #.#
######@#
...###.#
#....NN####..
..^.##.#
#.............
....##.#
#.....#####...
....##.#
#.....#
.....#.#
#.....#
####...##
#.....#
###..###.....#
#..........#


You could see 2 naga warriors, a guardian serpent and 2 nagas.

Vanquished Creatures
  A frost giant (IceCv)
  2 fire dragons (Lair:5)
  Erica (D:10)
  4 hydras
  A naga warrior (Lair:2)
  A catoblepas (Lair:1)
  Fannar (D:11)
  A two-headed ogre (D:11)
  4 death yaks (IceCv)
  Urug (Lair:3)
  Sonja (Lair:4)
  Lodul (D:10)
  A swamp dragon (Lair:5)
  An orc knight (Bailey)
  A mana viper (Lair:2)
  A lindwurm (Lair:5)
  2 cyclopes
  Joseph (D:8)
  A guardian serpent (Lair:2)
  5 black mambas
  6 elephants (Lair:3)
  An ice statue (IceCv)
  6 torpor snails (Lair:5)
  14 cane toads
  4 rime drakes
  A kobold demonologist (D:6)
  10 komodo dragons
  A troll (D:11)
  4 tyrant leeches (Lair:5)
  13 polar bears
  12 hornets
  11 blink frogs
  Sigmund (D:5)
  2 shadows
  A wraith (D:10)
  59 yaks
  Eustachio (D:5)
  6 wyverns
  7 steam dragons
  4 basilisks
  6 vampire mosquitoes
  2 nagas (Snake:1)
  3 acid dragons
  8 water moccasins
  3 hell hounds (D:12)
  A swamp drake (Lair:5)
  2 ice beasts
  5 sky beasts
  2 black bears
  11 orc warriors
  7 ogres
  17 wolves (IceCv)
  4 centaurs
  3 phantoms (D:5)
  3 kobold brigands
  7 bullfrogs
  3 scorpions
  A necrophage (D:6)
  3 gnoll sergeants
  9 wights
  6 howler monkeys
  2 hounds
  5 jellies
  6 orc priests
  9 iguanas
  13 orc wizards
  Ijyb (D:4)
  10 gnolls
  10 adders
  13 white imps
  2 ufetubi
  4 worms
  5 dart slugs
  56 orcs
  3 bats
  5 endoplasms
  4 giant cockroaches
  3 goblins
  8 hobgoblins
  4 jackals
  6 ball pythons
  3 frilled lizards
  14 kobolds
  4 rats
  A spectral orc (D:8)
493 creatures vanquished.

Vanquished Creatures (others)
  A naga sharpshooter (Snake:1)
  A polar bear (IceCv)
  An adder (D:6)
  2 bushes
  33 fungi
  61 plants
99 creatures vanquished.

Grand Total: 592 creatures vanquished

Notes
Turn   | Place    | Note
-------+----------+-------------------------------------------
     0 | D:1      | qeuew the Merfolk Gladiator began the quest for the Orb.
     0 | D:1      | Reached XP level 1. HP: 16/16 MP: 1/1
   385 | D:1      | Reached XP level 2. HP: 22/23 MP: 2/2
   733 | D:1      | Gained mutation: You are weak. (Str -2) [potion of
                  | mutation]
   733 | D:1      | Gained mutation: You are partially covered in iridescent
                  | scales. (AC +2) [potion of mutation]
   979 | D:2      | Reached XP level 3. HP: 28/28 MP: 3/3
  1291 | D:2      | Reached skill level 1 in Armour
  1291 | D:2      | Reached XP level 4. HP: 34/34 MP: 4/4
  1740 | D:3      | Found a white marble altar of Elyvilon.
  1768 | D:3      | Reached skill level 1 in Shields
  1846 | D:3      | Reached XP level 5. HP: 41/41 MP: 5/5
  2168 | D:4      | Noticed an ice beast
  2180 | D:4      | Killed an ice beast
  2181 | D:4      | Reached skill level 5 in Polearms
  2181 | D:4      | Reached skill level 5 in Dodging
  2181 | D:4      | Reached XP level 6. HP: 36/47 MP: 6/6
  2310 | D:4      | Found a staircase to the Ecumenical Temple.
  2321 | Temple   | Entered the Ecumenical Temple
  2366 | Temple   | Became a worshipper of Gozag Ym Sagoz the Greedy
  2556 | D:4      | Noticed Ijyb
  2562 | D:4      | Killed Ijyb
  2562 | D:4      | Noticed a black bear
  2571 | D:4      | Killed a black bear
  2572 | D:4      | Reached XP level 7. HP: 52/53 MP: 7/7
  3014 | D:4      | Identified a scroll of acquirement
  3014 | D:4      | Acquired a +2 pair of gloves of dexterity
  3039 | D:5      | Entered Level 5 of the Dungeon
  3094 | D:5      | Noticed a hornet
  3098 | D:5      | Paralysed by a hornet for 1 turns
  3099 | D:5      | Killed a hornet
  3100 | D:5      | Reached skill level 6 in Polearms
  3148 | D:5      | Noticed Sigmund
  3161 | D:5      | Reached XP level 8. HP: 41/61 MP: 8/8
  3196 | D:5      | Killed Sigmund
  3341 | D:5      | Reached skill level 5 in Fighting
  3472 | D:5      | Noticed Eustachio
  3486 | D:5      | Killed Eustachio
  3487 | D:5      | Reached skill level 7 in Polearms
  3609 | D:5      | Reached XP level 9. HP: 68/68 MP: 9/9
  3628 | D:5      | Reached skill level 5 in Throwing
  3796 | D:5      | Found an iron altar of Okawaru.
  3796 | D:5      | Found a blossoming altar of Fedhas.
  4192 | D:5      | Acquired 465 gold pieces
  4661 | D:6      | Noticed a kobold demonologist
  4672 | D:6      | Noticed a hellwing
  4672 | D:6      | Killed a kobold demonologist
  4673 | D:6      | Reached skill level 8 in Polearms
  4698 | D:6      | Reached skill level 5 in Shields
  5191 | D:7      | Reached XP level 10. HP: 75/77 MP: 10/10
  5584 | D:7      | Found a radiant altar of Vehumet.
  5584 | D:7      | Found a basalt altar of Yredelemnul.
  5584 | D:7      | Found a snail-covered altar of Cheibriados.
  5605 | D:7      | Found a glowing silver altar of Zin.
  5611 | D:7      | Lost mutation: You are weak. (Str -2) [potion of mutation]
  5611 | D:7      | Lost mutation: You are partially covered in iridescent
                  | scales. (AC +2) [potion of mutation]
  5611 | D:7      | Gained mutation: You expend magic power (3 MP) to
                  | strengthen your wands. [potion of mutation]
  5611 | D:7      | Gained mutation: You are covered in fur. (AC +1) [potion of
                  | mutation]
  5626 | D:8      | Found Umylopn's Antique Armour Shop.
  5745 | D:8      | Bought a faintly humming leather armour for 189 gold pieces
  5745 | D:8      | Identified the +1 leather armour "Wajumm" {rF+ rN+} (You
                  | bought it in a shop on level 8 of the Dungeon)
  5812 | D:8      | Found Jouhuc's Weapon Boutique.
  5867 | D:8      | Reached skill level 9 in Polearms
  6490 | D:8      | Found a hazy altar of Hepliaklqana.
  6567 | D:8      | Found Opuciare's Distillery.
  6611 | D:8      | Noticed Joseph
  6628 | D:8      | Killed Joseph
  6764 | D:8      | Lost mutation: You are covered in fur. (AC +1) [potion of
                  | mutation]
  6764 | D:8      | Lost mutation: You expend magic power (3 MP) to strengthen
                  | your wands. [potion of mutation]
  6764 | D:8      | Gained mutation: You are frail. (-10% HP) [potion of
                  | mutation]
  6764 | D:8      | Gained mutation: You do not regenerate when monsters are
                  | visible. [potion of mutation]
  7028 | D:9      | Found a flagged portal.
  7036 | Bailey   | Entered a bailey
  7228 | Bailey   | Noticed an orc knight
  7371 | Bailey   | Killed an orc knight
  7372 | Bailey   | Reached XP level 11. HP: 29/76 MP: 11/11
  7489 | Bailey   | Identified the +5 hand axe of Trial by Ordeal {vorpal, MP-9
                  | Int+3 Stlth+}
  7490 | Bailey   | Identified the +6 plate armour of Nagof {rElec}
  7535 | Bailey   | Reached skill level 5 in Armour
  7681 | D:9      | Reached skill level 10 in Dodging
  7771 | D:9      | Reached skill level 10 in Polearms
  7838 | D:9      | Found a sacrificial altar of Ru.
  7899 | D:9      | Identified the +3 mace "Queke" {flame, Drain rN+ rCorr}
  8447 | D:10     | Entered Level 10 of the Dungeon
  8519 | D:10     | Found a huge runed translucent gate.
  8519 | D:10     | Found a huge runed translucent gate.
  8684 | D:10     | Identified the +0 cloak of Gluttony {Will+++ Int+4 Slay-2}
  8816 | D:10     | Noticed Erica
  8842 | D:10     | Killed Erica
  8970 | D:10     | Found Leddaof's Book Shop.
  8973 | D:10     | Bought a manual of Polearms for 960 gold pieces
  9061 | D:10     | Found a huge runed translucent gate.
  9061 | D:10     | Found a huge runed translucent gate.
  9168 | D:11     | Noticed a cyclops
  9180 | D:11     | Killed a cyclops
  9331 | D:10     | Reached skill level 11 in Polearms
  9418 | D:11     | Reached XP level 12. HP: 65/84 MP: 12/12
  9611 | D:11     | Found a staircase to the Orcish Mines.
  9621 | D:11     | Found a staircase to the Lair.
  9712 | D:11     | Noticed Lodul
  9721 | D:11     | Noticed a two-headed ogre
  9841 | D:10     | Killed Lodul
  9861 | D:11     | Killed a two-headed ogre
 10428 | D:11     | Noticed Fannar
 10440 | D:11     | Killed Fannar
 10441 | D:11     | Reached skill level 12 in Polearms
 10797 | D:12     | Found Kulliu's Armour Shop.
 10918 | D:12     | Noticed a boulder beetle
 11021 | Lair:1   | Entered Level 1 of the Lair of Beasts
 11052 | Lair:1   | Noticed a five-headed hydra
 11150 | D:11     | Killed a five-headed hydra
 11289 | Lair:1   | Noticed a catoblepas
 11307 | Lair:1   | Killed a catoblepas
 11536 | Lair:1   | Reached skill level 13 in Polearms
 12035 | Lair:2   | Reached skill level 10 in Fighting
 12042 | Lair:2   | Found a staircase to the Snake Pit.
 12289 | Lair:2   | Reached XP level 13. HP: 76/92 MP: 13/13
 12995 | Lair:3   | Noticed Urug
 13005 | Lair:3   | Killed Urug
 13134 | Lair:3   | Found a staircase to the Swamp.
 13240 | Lair:3   | Reached skill level 14 in Polearms
 14071 | Lair:4   | Found a frozen archway.
 14078 | IceCv    | Entered an ice cave
 14562 | IceCv    | Noticed a frost giant
 14625 | IceCv    | Reached skill level 15 in Polearms
 14642 | IceCv    | Killed a frost giant
 14643 | IceCv    | Reached skill level 10 in Throwing
 15165 | Lair:4   | Noticed Sonja
 15174 | Lair:4   | Reached XP level 14. HP: 84/101 MP: 14/14
 15200 | Lair:4   | Killed Sonja
 15635 | Lair:4   | Found a runed translucent door.
 15636 | Lair:4   | Found a viscous altar of Jiyva.
 15637 | Lair:4   | Found a staircase to the Slime Pits.
 15771 | Lair:5   | Entered Level 5 of the Lair of Beasts
 15829 | Lair:5   | Reached skill level 10 in Shields
 15929 | Lair:5   | Reached skill level 16 in Polearms
 16462 | Lair:5   | Acquired the +14 chain mail of Spite {Dex+3}
 16637 | Lair:5   | Found a runed translucent door.
 17504 | Snake:1  | Entered Level 1 of the Snake Pit
 17544 | Lair:2   | Reached skill level 17 in Polearms
 17763 | Snake:1  | Slain by a naga warrior

Illustrated notes

Levels and vault maps discovered:
D:1:      saegor_arrival_simple_a, layout_loops_ring
D:2:      layout_loops_ring
D:3:      layout_rooms, elyvilon_altar_3, kennysheep_orc_chapel
D:4:      layout_basic, minmay_temple_entry_glassed_door, minivault_25,
          minmay_bisected, uniq_ijyb
D:5:      minmay_angry_zag, layout_loops_corners,
          gammafunk_temple_overflow_pools, palyth_stone_intersect, uniq_sigmund,
          uniq_eustachio
D:6:      layout_loops_ring, minivault_11, minmay_three_doors
D:7:      layout_basic, minitemple
D:8:      kennysheep_steamy, layout_basic,
          nicolae_hepliaklqana_monster_ancestors, serial_shops,
          nicolae_stop_n_shop_1, nicolae_shop_bloodbath_and_beyond,
          nicolae_shop_waterfront, kennysheep_nondescript, st_stairs_11,
          uniq_joseph
D:9:      layout_loops_corners, nicolae_ru_sacrificial_ziggurat, enter_bailey_1
D:10:     lemuel_bear_cage, layout_cave_pools, serial_shops,
          nicolae_shop_behind_doors, serial_bayou_ford_a, uniq_erica
D:11:     layout_layer_cave, minmay_lair_entry_grove, orc_0_dummy,
          serial_rivers, chequers_serial_rivers_small_3,
          chequers_serial_rivers_micro_d, chequers_serial_rivers_room_a,
          chequers_serial_rivers_room_b, uniq_fannar, uniq_lodul
D:12:     layout_roguey, serial_shops, shop, minmay_rotating_lava
Temple:   nicolae_temple_god_jail
Lair:1:   layout_hall_layers, serial_bayou_shore_b
Lair:2:   layout_regular_city, minmay_snake_entry_spellcaster,
          grunt_megastairs_3
Lair:3:   layout_cave_pods, swamp_mist_pool, uniq_urug
Lair:4:   layout_long_grid, slime_entry_2, portal_ice_cave_entry_imps,
          uniq_sonja
Lair:5:   guppyfry_lair_end_dragon, layout_loops_ring, wormcave
Snake:1:  layout_basic, nrook_loot_triangle, nicolae_triple_integral

Skill      XL: |  1  2  3  4  5  6  7  8  9 10 11 12 13 14 |
---------------+-------------------------------------------+-----
Armour         | 1 2 3 4 5 6 7 8 |  8.2
Fighting       | 3 4 5 6 7 8 10 11 12 | 12.0
Shields        | 1 2 3 4 5 6 7 8 9 10 | 10.6
Polearms       | 5 6 7 8 9 11 13 15 17 | 17.1
Throwing       | 3 4 6 7 8 9 10 11 | 11.0
Dodging        | 5 6 7 8 9 11 12 13 14 | 14.5

Action                   |  1- 3 |  4- 6 |  7- 9 | 10-12 | 13-15 || total
-------------------------+-------+-------+-------+-------+-------++-------
Melee: Trident           |    53 |   108 |   360 |  1048 |  1161 ||  2730
       Tailslap          |       |       |       |       |    36 ||    36
Throw: Throwing net      |       |       |     3 |     3 |     2 ||     8
       Javelin           |       |       |       |     5 |       ||     5
       Boomerang         |       |       |       |       |     3 ||     3
Invok: Potion Petition   |       |       |       |     3 |     2 ||     5
Evoke: Wand              |       |       |       |       |     6 ||     6
  Use: Scroll            |     3 |     5 |     6 |     5 |    12 ||    31
       Potion            |     2 |     5 |     4 |     5 |     4 ||    20
 Stab: Distracted        |       |       |     1 |     5 |    10 ||    16
       Invisible         |       |       |       |     9 |     1 ||    10
       Held in net/web   |       |       |       |     3 |       ||     3
       Petrified         |       |       |       |     5 |       ||     5
       Confused          |       |       |       |       |     1 ||     1
Armor: Ring mail         |    12 |    29 |   114 |    73 |       ||   228
       Leather armour    |     2 |       |       |       |       ||     2
       Plate armour      |       |       |       |   274 |   262 ||   536
       Chain mail        |       |       |       |       |    50 ||    50
Dodge: Dodged            |    17 |    40 |   163 |   437 |   513 ||  1170
Block: Buckler           |       |    15 |    57 |   241 |   234 ||   547
       Kite shield       |       |       |       |       |    19 ||    19
       Reflection        |       |       |       |       |     1 ||     1
